 Dungeon Crawl Stone Soup version 0.31-a0-472-g43a2ca8e1b (webtiles) character file.

Game seed: 4454559031830632401

353 Ethylacetat the Changeling (level 6, -2/42 HPs)
             Began as an Octopode Shapeshifter on Aug 6, 2023.
             Slain by an ogre
             ... wielding a +0 giant club
              (25 damage)
             ... on level 5 of the Dungeon.
             The game lasted 00:02:33 (2504 turns).

Ethylacetat the Changeling (Octopode Shapeshifter)  Turns: 2504, Time: 00:02:34

Health: -2/42      AC:  1    Str: 15    XL:     6   Next: 62%
Magic:  6/6        EV: 13    Int: 10    God:
Gold:   155        SH:  0    Dex: 14    Spells: 5/5 levels left

rFire   . .          .
                       - Unarmed
rCold   . . .        (no shield)
rNeg    . . .        (helmet currently unavailable)
rPois   .            (no amulet)
rElec   .            (no ring)
rCorr   .            (no ring)
SInv    .            (no ring)
Will    .....        (no ring)
Stlth   ++           (no ring)
HPRegen 0.27/turn    (no ring)
MPRegen 0.10/turn    (no ring)
                     (no ring)

%: no passive effects
@: beast-form
A: beast (slay +3), almost no armour, amphibious, 8 rings, camouflage 1,
gelatinous body 1, (nimble swimmer 1), tentacles
a: Begin Untransformation


You were on level 5 of the Dungeon.
You were a hulking beast.
You visited 1 branch of the dungeon, and saw 5 of its levels.

You collected 155 gold pieces.

Inventory:

Missiles
 o - a throwing net
Talismans
 b - a beast talisman (active)
Wands
 i - a wand of flame (26)
Scrolls
 d - a scroll of teleportation {unknown}
 e - 3 scrolls of identify {unknown}
 j - a scroll of noise {unknown}
 l - a scroll of summoning {unknown}
 m - a scroll of immolation {unknown}
 q - a scroll of amnesia {unknown}
Potions
 a - a potion of lignification
 c - 5 potions of curing
 f - a potion of invisibility {unknown}
 g - a potion of mutation {unknown}
 h - a potion of degeneration {unknown}
 k - a potion of attraction {unknown}
 n - a potion of might {unknown}
 p - a potion of resistance {unknown}
 r - a potion of heal wounds {unknown}


   Skills:
 + Level 3.2 Fighting
 - Level 2.0 Dodging
 + Level 4.4 Unarmed Combat
 * Level 4.9 Shapeshifting


You had 5 spell levels left.
You didn't know any spells.
Your spell library contained the following spells:

 Spells                   Type           Power      Damage    Failure   Level
 Apportation              Tloc           0%         N/A       36%         1
 Necrotise                Necr           0%         1d4       36%         1
 Slow                     Hex            0%         N/A       36%         1
 Summon Small Mammal      Summ           0%         N/A       36%         1
 Cigotuvi's Dreadful Rot  Necr/Pois/Air  0%         N/A       50%         2
 Confusing Touch          Hex            0%         N/A       75%         3
 Dazzling Flash           Conj/Hex       0%         N/A       75%         3
 Gell's Gravitas          Tloc           0%         N/A       75%         3
 Teleport Other           Tloc           0%         N/A       75%         3
 Vampiric Draining        Necr           0%         2d6       75%         3
 Vhi's Electric Charge    Tloc/Air       0%         N/A       75%         3
 Volatile Blastmotes      Fire/Tloc      0%         2d10      75%         3
 Dispel Undead            Necr           0%         3d6       98%         4
 Arcjolt                  Conj/Air       0%         1d10      100%        5
 Death Channel            Necr           0%         N/A       100%        6
 Dispersal                Tloc           0%         N/A       100%        6
 Plasma Beam              Fire/Air       0%         2x1d10    100%        6
 Starburst                Conj/Fire      0%         6d3       100%        6
 Maxwell's Capacitive Co  Air            0%         ∞         100%        8


Dungeon Overview and Level Annotations

Branches:
Dungeon (4/15)
 Temple: D:4-7

Altars:
Nemelex Xobeh
Ru

Shops:
D:1 (


Innate Abilities, Weirdness & Mutations

You are a hulking beast.
Your limbs bulge with bestial killing power. (Slay +3)
You cannot wear most types of armour.
You are amphibious.
You can wear up to eight rings at the same time.
Your skin changes colour to match your surroundings (Stealth+).
Your rubbery body absorbs attacks. (AC +1, EV +1)
((You are camouflaged when in or above water. (Stealth+)))
You have tentacles for arms and can constrict up to eight enemies at once.


Message History

HP restored.
Found 8 stones.
Found 7 stones.
An adder comes into view.
You see here 7 stones.
An adder is nearby!
Found 8 gold pieces.
You see here 8 stones.
The helpless adder fails to defend itself.
You tentacle-slap the adder. You grab the adder.
The adder is heavily wounded.
You constrict the adder. The adder bites you. The adder closely misses you.
You barely miss the adder. You squeeze the adder.
You kill the adder!
You see here 8 stones.
Found 3 stones.
You now have 143 gold pieces (gained 8).
You now have 155 gold pieces (gained 12).
q - a scroll labelled MEOKOU ZECSU An ogre comes into view.
It is wielding a +0 giant club.
Found a sacrificial altar of Ru.
You see here a murky grey potion.
r - a murky grey potion You barely miss the ogre.
Your squeeze misses the ogre.
The ogre hits you with a +0 giant club!!
You tentacle-slap the ogre.
The ogre is lightly wounded.
You tentacle-slap the ogre. You squeeze the ogre.
The ogre is moderately wounded.
The ogre barely misses you.
You tentacle-slap the ogre.
The ogre is heavily wounded.
You tentacle-slap the ogre.
The ogre is heavily wounded.
The ogre barely misses you.
You tentacle-slap the ogre. You squeeze the ogre.
The ogre is almost dead.
The ogre hits you with a +0 giant club!!
Ouch! That really hurt!
You die...

##########
.........##############
..######........hO....#
..# #######.######.#
..# ..... ..# ###.###
..# ... #.# #.# #.# ...
#.# ._. #.#


You could see an ogre.

Vanquished Creatures
  A phantom (D:3)
  2 hounds (D:5)
  Crazy Yiuf (D:2)
  3 orc priests (D:5)
  2 adders
  2 worms
  2 dart slugs
  An orc (D:5)
  8 ball pythons
  6 bats
  9 endoplasms
  6 goblins
  5 hobgoblins
  3 jackals (D:2)
  12 kobolds
  3 quokkas
  4 frilled lizards
  5 rats
75 creatures vanquished.

Notes
Turn   | Place    | Note
-------+----------+-------------------------------------------
     0 | D:1      | Ethylacetat the Octopode Shapeshifter began the quest for
                  | the Orb.
     0 | D:1      | Reached XP level 1. HP: 13/13 MP: 1/1
   107 | D:1      | Reached XP level 2. HP: 15/18 MP: 2/2
   261 | D:1      | Reached XP level 3. HP: 17/23 MP: 3/3
   564 | D:1      | Found Woezxax's Antique Weapon Emporium.
   949 | D:2      | Found a sparkling altar of Nemelex Xobeh.
  1183 | D:2      | Found a runed translucent door.
  1184 | D:2      | Noticed Crazy Yiuf
  1499 | D:2      | Killed Crazy Yiuf
  1500 | D:2      | Reached XP level 4. HP: 27/29 MP: 4/4
  1679 | D:3      | Noticed a phantom
  1691 | D:3      | Killed a phantom
  1692 | D:3      | Reached XP level 5. HP: 19/35 MP: 5/5
  2277 | D:4      | You fall into a shaft and drop 1 floor!
  2277 | D:5      | Entered Level 5 of the Dungeon
  2288 | D:5      | Reached XP level 6. HP: 36/41 MP: 6/6
  2494 | D:5      | Found a sacrificial altar of Ru.
  2504 | D:5      | Slain by an ogre

Illustrated notes

Levels and vault maps discovered:
D:1:      dpeg_arrival_simpleton_c, layout_basic, serial_shops, shop,
          minmay_cupped
D:2:      layout_loops_cross, basic_altar, uniq_crazy_yiuf_cottage
D:3:      layout_basic
D:4:      layout_basic, dancing_weapons_uskayaw, mainiacjoe_overflow_brackets,
          kennysheep_okawaru_gauntlet, portal_sewer_entry_b,
          gammafunk_ghost_gnarly_gnolls, minivault_24, dk_noncrumbling_3
D:5:      kennysheep_slugbush, layout_loops_ring,
          nicolae_ru_sacrificial_ziggurat, due_unseen_surprise

Skill      XL: |  1  2  3  4  5  6 |
---------------+-------------------+-----
Fighting       | 2 3 |  3.2
Shapeshifting  | 4 |  4.9
Unarmed Combat | 4 |  4.4
Dodging        | |  2.0

Action                     |  1- 3 |  4- 6 || total
---------------------------+-------+-------++-------
  Melee: Unarmed           |    83 |    61 ||   144
         Constrict         |    22 |    11 ||    33
         Tentacles         |    10 |    14 ||    24
         Punch             |     4 |     1 ||     5
    Use: Potion            |       |     2 ||     2
   Stab: Sleeping          |     5 |     3 ||     8
         Distracted        |     1 |     1 ||     2
 Armour: Skin              |    13 |    20 ||    33
  Dodge: Dodged            |    42 |    28 ||    70

Table legend: (Time is in decaauts)
 A = Elapsed time spent in this place.
 B = Non-inter-level travel time spent in this place.
 C = Inter-level travel time spent in this place.
 D = Time resting spent in this place.
 E = Time spent auto-exploring this place.
 F = Levels seen in this place.
 G = Mean time per level.
                   A        B        C        D        E       F      G
               +--------+--------+--------+--------+--------+-----+--------+
         Total |   2495 |   2388 |    107 |    127 |   1827 |   5 |  499.0 |
       Dungeon |   2495 |   2388 |    107 |    127 |   1827 |   5 |  499.0 |
               +--------+--------+--------+--------+--------+-----+--------+

Top non-repeatable levels by time:
     D:2: 885 daAuts
     D:1: 698 daAuts
     D:3: 654 daAuts
     D:5: 225 daAuts
     D:4: 32 daAuts
